Cogmind - Beta 15 @@@ ROGUE MODE // 2025.09.08 @ 17:13:42 Player: the Result: Destroyed by Lightning with EMDS Performance ------------- Evolutions (4) 2000 Regions Visited (20) 4000 Robots Destroyed (394) 1970 Value Destroyed (12397) 12397 Prototype IDs (61) 1220 Alien Tech Used (0) 0 Bonus (5371) 5371 TOTAL SCORE: 26958 Bonus ------- High Alert Combat Kills 2058 Follower Combat Kills 2937 Entered Garrisons 200 Network Hubs Disabled 600 Aligned with FarCom 300 Built Enhanced Grunts 300 A7 Reached Mainframe 300 Met R17 at Cetus 500 Friendly Fire -1824 Cogmind --------- Core Integrity 0/850 Matter 192/300 Energy 80/100 System Corruption 13% Temperature Cool (0) Movement Flying (35) Location -6/Hub_04(d) Parts ------- > --- POWER (1) -------- (None) > --- PROPULSION (5) --- Cesium-ion Thruster > --- UTILITY (6) ------ (None) > --- WEAPON (3) ------- Kinetic Spear > --- INVENTORY (5) ---- Quantum Reactor Authchip [Propulsion] Authchip [Propulsion] Hellfire Missile Launcher PL-3XN's Ring of Power Peak State ------------ > --- POWER ------------ Quantum Reactor > --- PROPULSION ------- Improved Treads Centrium Heavy Treads Centrium Heavy Treads > --- UTILITY ---------- Large Storage Unit Improved Matter Compressor Centrium Medium Armor Plating Improved Hacking Suite Improved Hacking Suite Improved Hacking Suite > --- WEAPON ----------- Advanced KE Penetrator Advanced KE Penetrator Advanced KE Penetrator > --- INVENTORY -------- Quantum Reactor Centrium Medium Armor Plating Centrium Medium Armor Plating Authchip [Propulsion] Authchip [Propulsion] Authchip [Armor] Improved Trap Extractor Advanced KE Penetrator Tri-rail Accelerator Rocket Array Hellfire Missile Launcher Advanced Datajack Kinetic Spear PL-3XN's Ring of Power [Rating: 113] Favorites ----------- Power Micro Nuclear Core Engine Cooled Ion Engine Power Core Micro Nuclear Core Reactor Quantum Reactor Propulsion Cooled Airjet Treads Light Treads Leg Myomer Leg Hover Unit Cooled Airjet Flight Unit Cesium-ion Thruster Utility Hacking Suite Device Seismic Detector Storage Huge Storage Unit Processor Transport Network Coupler Hackware Hacking Suite Protection Centrium Medium Armor Plating Weapon Improved Light Cannon Energy Gun Medium Laser Ballistic Gun Advanced KE Penetrator Ballistic Cannon Improved Light Cannon Launcher Guided Missile Launcher Special Weapon Mining Laser Slashing Weapon Power Sword Piercing Weapon Kinetic Spear Special Melee Weapon Improved Datajack Build | -11 -10 -10 -9 -9 -9 -8 -8 -8 -7 -7 -7 -6 -6 -6 -6 -6 -6 -6 -6 -6 ------- Run | Yrd Mat Min Mat Min Exi Min Mat Sto Fac Was Fac Fac Was Fac Gar Fac Ext Cet Arc Hub Slots Evolved 8 | . . . 2 . . . 2 . 2 . . 2 . . . . . . . . Power . | . . . . . . . . . . . . . . . . . . . . . Propulsion 3 | . . . 1 . . . 1 . 1 . . . . . . . . . . . Utility 4 | . . . . . . . 1 . 1 . . 2 . . . . . . . . Weapon 1 | . . . 1 . . . . . . . . . . . . . . . . . Parts Attached 168 | 7 16 . 29 5 1 . 15 25 15 4 5 14 2 . 1 7 8 6 5 3 Power 14 | 1 1 . 4 1 . . . 2 2 . . 1 . . . 1 . 1 . . Engine 9 | 1 1 . 4 . . . . 2 1 . . . . . . . . . . . Core 3 | . . . . 1 . . . . 1 . . . . . . 1 . . . . Reactor 2 | . . . . . . . . . . . . 1 . . . . . 1 . . Propulsion 50 | 2 3 . 11 . . . 5 9 6 . 2 1 . . . . 7 2 1 1 Treads 23 | . 3 . 11 . . . 5 1 . . . . . . . . . 2 1 . Leg 13 | 2 . . . . . . . 4 . . . . . . . . 7 . . . Wheel . | . . . . . . . . . . . . . . . . . . . . . Hover 13 | . . . . . . . . 4 6 . 2 1 . . . . . . . . Flight 1 | . . . . . . . . . . . . . . . . . . . . 1 Utility 62 | 2 5 . 8 3 1 . 6 8 5 3 2 6 1 . . 6 . 2 4 . Device 19 | 1 1 . 5 3 . . 1 1 1 2 . 1 . . . 2 . . 1 . Storage 13 | 1 3 . . . 1 . 2 1 2 . . 2 . . . 1 . . . . Processor 3 | . . . . . . . . 1 1 . . 1 . . . . . . . . Hackware 18 | . . . 1 . . . 2 4 . . 2 2 1 . . 3 . . 3 . Protection 9 | . 1 . 2 . . . 1 1 1 1 . . . . . . . 2 . . Artifact . | . . . . . . . . . . . . . . . . . . . . . Weapon 42 | 2 7 . 6 1 . . 4 6 2 1 1 6 1 . 1 . 1 1 . 2 Energy Gun 4 | 2 . . . . . . . 1 . . . 1 . . . . . . . . Energy Cannon . | . . . . . . . . . . . . . . . . . . . . . Ballistic Gun 8 | . 2 . . . . . . . . . . 3 . . 1 . . 1 . 1 Ballistic Cannon 14 | . 3 . 4 1 . . 3 2 . 1 . . . . . . . . . . Launcher 7 | . 1 . 1 . . . 1 2 1 . . . 1 . . . . . . . Special Weapon 1 | . 1 . . . . . . . . . . . . . . . . . . . Impact Weapon . | . . . . . . . . . . . . . . . . . . . . . Slashing Weapon 2 | . . . . . . . . . . . 1 1 . . . . . . . . Piercing Weapon 3 | . . . . . . . . . 1 . . 1 . . . . 1 . . . Special Melee Weapon 3 | . . . 1 . . . . 1 . . . . . . . . . . . 1 Unidentified Prototypes 17 | . . . 2 . . . . 3 3 1 . 5 1 . . . . 2 . . Corrupted Parts 3 | . . . . . . . . . . . . . . . . . . 3 . . System Corruption 7 | . . . . . . . . . . . . . . . . . . 7 . . Parts Lost 40 | . 1 . 5 . . . 7 10 . . . . . . 2 2 3 2 . 8 Power 3 | . . . . . . . 1 1 . . . . . . . . . . . 1 Propulsion 16 | . 1 . 1 . . . 3 4 . . . . . . 1 1 2 2 . 1 Utility 8 | . . . 1 . . . 1 1 . . . . . . 1 . 1 . . 3 Weapon 13 | . . . 3 . . . 2 4 . . . . . . . 1 . . . 3 Highest Loss Streak 8 | . 1 . 4 . . . 6 5 . . . . . . 2 1 1 1 . 8 To Critical Strikes 2 | . . . . . . . . 1 . . . . . . . . . 1 . . Average Backups 17 | 2 14 20 24 24 23 20 17 16 7 9 8 9 12 12 12 12 12 12 13 12 Power . | . 1 1 . . 1 1 . . . . . . 1 1 1 1 1 1 1 1 Propulsion 1 | 1 . . 3 1 1 1 3 2 . 1 1 . 1 1 . . . . . . Utility 6 | . 3 6 6 11 10 9 8 9 4 5 4 4 4 4 4 4 5 6 6 5 Weapon 7 | . 8 12 13 11 10 8 4 2 . 1 2 3 6 6 5 6 5 5 5 4 Tool/Special . | . . . . . . . . . . . . . . . . . . . . . Unused Backups 40 | . 1 1 5 1 5 1 7 4 3 1 1 2 . . . . 2 1 . 5 Power 7 | . . . 3 . . 1 . . 1 . . . . . . . 1 . . 1 Propulsion 4 | . . . 2 . . . . 1 1 . . . . . . . . . . . Utility 15 | . . . . 1 2 . 2 3 . 1 1 1 . . . . . . . 4 Weapon 12 | . 1 . . . 3 . 5 . 1 . . 1 . . . . 1 . . . Tool/Special 2 | . . 1 . . . . . . . . . . . . . . . 1 . . Average Slot Usage (%) 92 | . 99 100 98 100 73 100 90 89 89 92 91 91 100 95 79 86 79 89 85 83 Engine 6 | . 14 14 10 6 . 9 8 6 1 . . . . . . . . . . . Core 2 | . . . . 4 11 1 . 2 5 7 7 6 6 6 6 6 6 . . . Treads 21 | . 24 28 32 33 33 33 35 21 . . . . . . . . . 5 14 19 Leg 2 | . 3 . . . . . . 10 . . . . . . . . 5 18 4 . Hover 7 | . . . . . . . . 2 38 38 38 33 33 33 33 31 18 . . . Device 7 | . 11 13 9 11 11 11 7 5 5 7 7 4 5 13 . 4 1 . . . Storage 9 | . 14 14 11 11 11 11 9 9 7 7 7 6 7 6 6 6 6 6 6 12 Hackware 8 | . . . 1 . . . 7 3 15 15 15 21 20 20 18 24 26 26 24 19 Protection 1 | . 2 . . . . . 2 6 . . . . . . . . . 5 5 6 Ballistic Gun 2 | . . . . . . . . . . . . . . 4 . 2 5 19 20 15 Ballistic Cannon 16 | . 23 27 32 33 7 33 18 16 . . . . . . . . 3 . . . Launcher 1 | . . . . . . . . 2 5 6 6 5 6 1 5 . . . . . Piercing Weapon 1 | . . . . . . . . . 6 7 . 1 6 6 6 6 3 . . 3 Peak Build Rating 113 | 7 12 13 27 32 35 35 47 47 61 67 68 79 75 78 83 77 83 108 113 113 Average Rating 41 | 5 10 12 19 27 25 34 40 43 54 61 64 68 69 75 67 65 67 95 108 109 On Entrance 51 | . 7 11 13 25 31 35 34 47 46 61 64 68 73 75 75 62 59 81 108 113 Naked Turns 2 | . . . . . . . . . . . . . . . . . . . . 2 Heaviest Build 127 | 14 94 96 105 102 102 104 126 127 44 39 45 41 40 38 46 44 53 65 69 69 Greatest Support 183 | 20 40 40 60 60 60 60 88 88 56 40 60 60 40 40 60 60 120 160 183 183 Greatest Overweight (x) 4 | . 2 2 4 1 1 1 2 4 1 . 1 4 . . 1 1 1 1 . . Average Overweight (x) . | . . 2 1 1 1 1 1 . . . . . . . . . . . . . Largest Inventory Capacity 25 | 8 25 25 25 25 25 25 25 25 15 15 15 15 15 15 15 15 15 15 15 15 Average Capacity 20 | 7 16 25 25 25 25 25 25 22 13 15 15 15 15 15 15 15 15 15 15 14 Most Carried 25 | 6 20 22 25 25 25 25 25 25 15 15 15 15 15 15 15 15 15 15 15 15 Average Carried 19 | 2 14 20 24 24 24 24 23 21 12 14 14 12 14 14 14 14 14 14 14 14 Final Capacity 25 | 8 25 25 25 25 25 25 25 10 15 15 15 15 15 15 15 15 15 15 15 5 Final Carried 25 | 6 20 22 24 25 25 25 25 10 15 15 15 15 14 15 14 15 14 15 15 5 Class Distribution -------------------- 24% | Mutant 20% | Gunner 19% | Hacker-Mutant 14% | Skirmisher 5% | Commander-Skirmisher 4% | Commander-Tank 3% | Scavenger-Gunner 3% | Hacker-Skirmisher Dominant Class ---------------- Mutant | -10/Materials Mutant | -10/Mines Gunner | -9/Materials Gunner | -9/Mines Mutant | -9/Exiles Skirmisher | -8/Mines Skirmisher | -8/Materials Skirmisher | -8/Storage Hacker-Mutant | -7/Factory Hacker-Mutant | -7/Waste Hacker-Mutant | -7/Factory Hacker-Mutant | -6/Factory Hacker-Mutant | -6/Waste Hacker-Mutant | -6/Factory Hacker-Mutant | -6/Garrison Hacker-Mutant | -6/Factory Hacker-Skirmisher | -6/Extension Commander-Skirmisher | -6/Cetus Commander-Tank | -6/Archives Scavenger-Mutant | -6/Hub_04(d) Resources | -11 -10 -10 -9 -9 -9 -8 -8 -8 -7 -7 -7 -6 -6 -6 -6 -6 -6 -6 -6 -6 ----------- Run | Yrd Mat Min Mat Min Exi Min Mat Sto Fac Was Fac Fac Was Fac Gar Fac Ext Cet Arc Hub Matter Collected 11651 | 233 732 145 1876 247 . 247 2069 1653 562 106 110 672 555 44 695 221 672 243 291 278 Remotely 3009 | . . . 330 . . 218 1505 956 . . . . . . . . . . . . Salvage Created 12675 | 205 730 174 1712 285 . 208 1496 1429 459 374 257 883 1257 . 254 390 916 218 292 1136 Parts 667 | 12 56 18 120 16 . 12 77 75 41 2 21 41 12 . 19 19 45 7 26 48 Haulers Intercepted 23 | . 2 . 6 . . . 4 5 3 . 1 . . . . 2 . . . . Recyclers Shooed 13 | 1 3 . 2 . . . 4 2 . . . 1 . . . . . . . . Parts Field Recycled . | . . . . . . . . . . . . . . . . . . . . . Retrieved Matter . | . . . . . . . . . . . . . . . . . . . . . Parts Self-Destructed . | . . . . . . . . . . . . . . . . . . . . . Prevented . | . . . . . . . . . . . . . . . . . . . . . Kills | -11 -10 -10 -9 -9 -9 -8 -8 -8 -7 -7 -7 -6 -6 -6 -6 -6 -6 -6 -6 -6 ------- Run | Yrd Mat Min Mat Min Exi Min Mat Sto Fac Was Fac Fac Was Fac Gar Fac Ext Cet Arc Hub Combat Hostiles Destroyed 223 | . 13 7 43 8 . 3 43 37 2 . . 4 6 . 15 . 23 3 . 16 Melee 5 | . . . . . . . . . 1 . . . . . 3 . 1 . . . Guns 8 | . 1 . . . . . . . . . . . . . . . . 3 . 4 Cannons 120 | . 12 4 32 8 . 3 24 24 . . . . . . . . 13 . . . AOE 89 | . . 3 11 . . . 19 13 1 . . 4 6 . 12 . 9 . . 11 Classes Destroyed 23 | 3 6 . 4 . . . 4 1 1 . . . 1 . 2 . 1 . . . Worker 35 | 2 4 1 3 1 . . 2 7 2 . 2 5 . . . . 1 . . 5 Builder 23 | . 2 1 1 . . 1 2 1 6 . 1 3 . . . . 1 . . 4 Tunneler 13 | 3 1 1 2 . . . . . 1 . 1 1 . . . 2 . . . 1 Hauler 23 | . 2 . 6 . . . 4 5 3 . 1 . . . . 2 . . . . Recycler 28 | 1 3 1 4 1 . 1 6 1 2 . 1 4 . . . 1 2 . . . Mechanic 3 | . . . . . . . 1 1 . . . . . . . . . . . 1 Operator 22 | . 3 . 3 . . . 2 1 . . 2 . . . . 2 1 . 8 . Watcher 14 | . 3 . 5 . . . 1 . 1 . . 1 . . 1 . . . . 2 Swarmer 47 | . 6 5 8 2 . . 8 3 . . . . . . 8 . 6 . . 1 Cutter 2 | . . . . . . . . . . . . . . . 2 . . . . . Saboteur 1 | . . . . . . . . . . . . . . . . . 1 . . . Grunt 102 | . 7 2 19 6 . 3 17 24 1 . . 4 . . 3 . 8 . . 8 Brawler 8 | . . . 3 . . . 2 3 . . . . . . . . . . . . Duelist 5 | . . . 2 . . . 1 1 . . . . . . . . . . . 1 Protector 3 | . . . 1 . . . 1 . . . . . . . . . . . . 1 Sentry 31 | . . . 10 . . . 8 5 . . . . . . . . 6 . . 2 Demolisher 4 | . . . . . . . . 3 . . . . . . . . 1 . . . Specialist 4 | . . . . . . . 4 . . . . . . . . . . . . . Hunter 2 | . . . . . . . 1 . . . . . . . 1 . . . . . Programmer 1 | . . . . . . . . . 1 . . . . . . . . . . . Heavy 1 | . . . . . . . 1 . . . . . . . . . . . . . Behemoth 2 | . . . . . . . . . . . . . . . 2 . . . . . Compactor 6 | . . . . . . . . . . . . . 6 . . . . . . . Cetus Guard 3 | . . . . . . . . . . . . . . . . . . 3 . . Enhanced Grunt 3 | . . . . . . . . . . . . . . . . . . . . 3 Lightning 3 | . . . . . . . . . . . . . . . . . . . . 3 Savage 2 | . . . . . . . . . . . . . . . . . 1 . . 1 Butcher 1 | . . . . . . . . . . . . . . . 1 . . . . . Martyr 2 | . . . . . . . . . . . . . 2 . . . . . . . Best Kill Streak 16 | 2 5 3 9 3 . 5 7 16 3 . 2 6 5 . 6 3 6 2 2 15 Combat Bots Only 14 | . 5 3 5 3 . 3 7 14 1 . . 4 5 . 6 . 6 2 . 8 Max Kills in Single Turn 16 | 1 2 2 3 2 . 1 4 3 1 . 1 5 2 . 3 1 4 1 1 16 Gunslinging . | . . . . . . . . . . . . . . . . . . . . . Exploded 4 | . . 2 2 . . . 4 3 1 . . 3 2 . 3 . 4 . . 4 Melee 1 | . . . . . . . . . 1 . . . . . 1 . 1 . . . Uniques/NPCs Destroyed . | . . . . . . . . . . . . . . . . . . . . . Combat | -11 -10 -10 -9 -9 -9 -8 -8 -8 -7 -7 -7 -6 -6 -6 -6 -6 -6 -6 -6 -6 -------- Run | Yrd Mat Min Mat Min Exi Min Mat Sto Fac Was Fac Fac Was Fac Gar Fac Ext Cet Arc Hub Hostile Shots Fired 1007 | . 47 10 142 17 . 2 190 157 45 . 13 9 . . 36 38 101 . 7 193 Missed 330 | . 15 1 37 3 . 1 56 43 25 . 6 7 . . 16 21 44 . 5 50 Hits 677 | . 32 9 105 14 . 1 134 114 20 . 7 2 . . 20 17 57 . 2 143 Melee 19 | . . . 17 . . . . 1 . . . . . . . . . . . 1 Projectile 658 | . 32 9 88 14 . 1 134 113 20 . 7 2 . . 20 17 57 . 2 142 AOE 13 | . . . . . . . . 12 . . . . . . . . 1 . . . Critical Strikes 30 | . 1 . 5 . . . 9 5 . . . . . . . . 1 1 . 8 Part Disruptions 1 | . . . . . . . 1 . . . . . . . . . . . . . Damage Taken 12293 | . 405 96 1838 186 . 19 2641 2065 233 . 80 28 . . 311 366 636 117 42 3230 Core 1668 | . 33 7 249 24 . . 220 230 43 . . 18 . . 21 36 111 26 . 650 Absorbed by Shields 231 | . . . . . . . . . . . . . . . . . 197 34 . . Reduced by Siege Mode 107 | . . . . . . . . . . . . . . . . . . . . 107 Ignored by Resistances 40 | . . . . . . . 24 16 . . . . . . . . . . . . Regen/Repaired (Parts) 1260 | . 210 . 309 . . . 282 . . . . 311 8 . . 140 . . . . Core Remaining (%) 65 | 100 . 84 . . . 31 . 18 . . 93 . . . . . . . . . Volleys Fired 641 | 12 73 14 95 14 . 5 139 114 13 2 5 3 14 6 26 2 45 8 18 33 Largest 3 | 2 2 2 3 3 . 3 3 3 1 1 1 1 1 1 1 1 3 3 3 3 Hottest 111 | 90 100 66 99 106 . 106 106 111 39 60 60 39 60 35 60 60 105 105 105 105 Shots Fired 1231 | 24 145 26 276 42 . 16 243 186 13 2 5 3 14 6 26 2 53 26 51 72 Gun 219 | 24 34 . . . . . . . . . . . . 6 . . 16 26 51 62 Cannon 904 | . 110 24 271 42 . 16 232 166 . 2 4 . . . 1 2 34 . . . Launcher 107 | . . 2 5 . . . 11 20 13 . 1 3 14 . 25 . 3 . . 10 Special 1 | . 1 . . . . . . . . . . . . . . . . . . . Kinetic 1071 | . 116 24 271 42 . 16 232 166 . 2 4 . . 6 1 2 50 26 51 62 Thermal 53 | 24 29 . . . . . . . . . . . . . . . . . . . Explosive 107 | . . 2 5 . . . 11 20 13 . 1 3 14 . 25 . 3 . . 10 Electromagnetic . | . . . . . . . . . . . . . . . . . . . . . Robot Hit Streak 21 | 9 10 6 16 7 . 4 17 15 . 7 2 . 7 5 21 . 10 8 6 10 Robot Miss Streak 8 | 2 8 2 5 2 . 1 4 6 . . 1 . 2 1 1 . 3 1 2 2 Penetration Max 1 | . . . . . . . 1 . . . . . . . . . 1 1 1 1 Secondary Targets 2 | . . . . . . . . . . . . . . . . . . 2 . . Max Gunslinging Chain 1 | . . . . . . . . . . . . . . . . . . 1 . . Shots Hit Robots 825 | 16 69 14 143 23 . 9 169 107 28 8 15 26 13 5 22 14 43 19 32 50 Core Hits 662 | 7 36 13 74 12 . 9 123 141 14 3 8 28 25 1 31 7 50 6 16 58 Critical Kills 9 | . . . . . . . . . . . . . . . . . . 3 4 2 Critical Parts Destroyed 10 | . . . . . . . . . . . . . . 1 . . 1 2 3 3 Critical Strikes 71 | 1 2 1 13 1 . . 15 1 5 2 1 1 1 1 . 1 5 5 7 8 Burn 2 | 1 1 . . . . . . . . . . . . . . . . . . . Destroy 21 | . . . . . . . . . . . . . . 1 . . 1 5 7 7 Blast 35 | . 1 1 13 1 . . 15 1 . . . . . . . . 3 . . . Sever 1 | . . . . . . . . . . . 1 . . . . . . . . . Impale 12 | . . . . . . . . . 5 2 . 1 1 . . 1 1 . . 1 Melee Attacks 219 | . . . 2 . . . . . 55 7 31 45 4 1 19 37 10 . . 8 Impact . | . . . . . . . . . . . . . . . . . . . . . Slashing 65 | . . . . . . . . . . . 28 37 . . . . . . . . Piercing 150 | . . . . . . . . . 55 7 3 7 4 1 18 37 10 . . 8 Sneak Attacks 60 | . . . 2 . . . . . 18 . 9 15 4 . 1 6 4 . . 1 Combat Hostiles . | . . . . . . . . . . . . . . . . . . . . . Follow-up Attacks . | . . . . . . . . . . . . . . . . . . . . . Damage Inflicted 46257 | 201 1479 485 4573 516 . 230 7113 4932 2008 442 995 2451 4237 104 3735 921 3917 616 944 6358 Guns 3731 | 201 260 . . . . . . . . . . . . 104 . . 324 616 944 1282 Cannons 15209 | . 1094 343 3346 516 . 230 5074 2774 . 37 52 . . . 82 . 1661 . . . Explosions 20549 | . 125 124 1227 . . . 2027 2149 404 . 38 743 3864 . 3434 . 1421 . . 4993 Melee 6729 | . . . . . . . . . 1604 405 905 1708 373 . 219 921 511 . . 83 Ramming 39 | . . 18 . . . . 12 9 . . . . . . . . . . . . Kinetic 18538 | . 1153 343 3346 516 . 230 5074 2774 . 37 52 . . 104 82 . 1985 616 944 1282 Thermal 497 | 201 201 . . . . . . . . . . . . . . . 95 . . . Explosive 17138 | . 72 124 1227 . . . 1825 2149 404 . 38 332 3864 . 3434 . 1326 . . 2343 Electromagnetic 3316 | . 53 . . . . . 202 . . . . 411 . . . . . . . 2650 Impact . | . . . . . . . . . . . . . . . . . . . . . Slashing 2457 | . . . . . . . . . . . 905 1552 . . . . . . . . Piercing 4272 | . . . . . . . . . 1604 405 . 156 373 . 219 921 511 . . 83 Highest Corruption 13 | . . . 2 2 2 2 . 2 2 2 2 . . . . . . 7 7 13 Average Corruption 2 | . . . 2 2 2 2 . 2 2 2 2 . . . . . . 6 5 6 Corruption Purged 7 | . . . . . . . . . . . . . . . . . . . 7 . Corruption Blocked . | . . . . . . . . . . . . . . . . . . . . . Effects 127 | . . . 50 11 16 7 . 5 11 1 6 . . . . . . 9 7 4 Message Errors 39 | . . . 16 1 8 . . 1 6 1 1 . . . . . . 2 3 . Matter Fused 33 | . . . 15 5 1 3 . 1 2 . . . . . . . . 2 2 2 Heat Flow Errors 8 | . . . 5 1 . . . . . . 2 . . . . . . . . . Energy Discharges 12 | . . . 6 . 1 . . 1 1 . 2 . . . . . . . 1 . Parts Rejected 1 | . . . . . . . . . . . . . . . . . . . . 1 Data Loss (minor) 15 | . . . 6 1 3 2 . 1 . . . . . . . . . 1 . 1 Data Loss (major) 13 | . . . . 2 3 1 . 1 2 . 1 . . . . . . 2 1 . Misfires 4 | . . . 1 . . 1 . . . . . . . . . . . 2 . . Alerts 2 | . . . 1 1 . . . . . . . . . . . . . . . . Overload Shots . | . . . . . . . . . . . . . . . . . . . . . Overflow Damage 2615 | . 65 1 90 . . . 167 43 338 264 227 519 6 . 254 53 118 . . 470 Projectiles 236 | . 9 1 39 . . . 143 38 . . . . . . 6 . . . . . Explosions 786 | . 56 . 51 . . . 24 5 12 . 6 17 6 . 248 . 37 . . 324 Melee 1593 | . . . . . . . . . 326 264 221 502 . . . 53 81 . . 146 Knockbacks 107 | . 9 4 19 8 . 1 35 25 . . . . . . . . 6 . . . Impact . | . . . . . . . . . . . . . . . . . . . . . Kinetic 99 | . 8 4 16 8 . 1 34 23 . . . . . . . . 5 . . . Secondary 8 | . 1 . 3 . . . 1 2 . . . . . . . . 1 . . . Self-Inflicted Damage 661 | . 101 . 73 . . . 146 78 . . . . . . 92 . . . . 171 Shots 11 | . 1 . 2 . . . 4 1 . . . . . . 1 . . . . 2 Rammed 8 | . 1 5 . . . . 2 . . . . . . . . . . . . . Targets Rammed 10 | . 1 5 . . . . 2 2 . . . . . . . . . . . . Kicked 2 | . . . . . . . . 2 . . . . . . . . . . . . Crushed . | . . . . . . . . . . . . . . . . . . . . . Highest Temperature 613 | 150 159 78 613 165 . 9 144 356 2 16 251 . . . 6 . 30 78 90 236 Average Temperature 56 | 55 29 17 82 32 . 9 27 85 2 10 73 . . . 6 . 12 32 31 79 Received Heat Transfer 3001 | . 66 33 555 102 . 9 702 873 42 . 12 . . . 18 39 145 . . 405 Effects 11 | . . . 9 . . . . 2 . . . . . . . . . . . . Shutdowns 1 | . . . . . . . . 1 . . . . . . . . . . . . Energy Bleed 1 | . . . 1 . . . . . . . . . . . . . . . . . Matter Decay 1 | . . . 1 . . . . . . . . . . . . . . . . . Short Circuit 1 | . . . 1 . . . . . . . . . . . . . . . . . Damage (minor) 2 | . . . 1 . . . . 1 . . . . . . . . . . . . Damage (major) 4 | . . . 4 . . . . . . . . . . . . . . . . . Damage (core) 1 | . . . 1 . . . . . . . . . . . . . . . . . Siege Activations 1 | . . . . . . . . . . . . . . . . . . . . 1 Total Turns 21 | . . . . . . . . . . . . . . . . . . . . 21 Longest Duration 21 | . . . . . . . . . . . . . . . . . . . . 21 Martial Activations . | . . . . . . . . . . . . . . . . . . . . . Shielding Activations . | . . . . . . . . . . . . . . . . . . . . . Robots Disrupted 1 | . . . . . . . 1 . . . . . . . . . . . . . Combat Hostiles 1 | . . . . . . . 1 . . . . . . . . . . . . . Robots Corrupted 3 | . . . . . . . . . . . . . . . . . . . . 3 Combat Hostiles 1 | . . . . . . . . . . . . . . . . . . . . 1 Parts Fried 17 | . . . . . . . . 2 . . . 2 . . . . . . . 13 Impact Corruptions . | . . . . . . . . . . . . . . . . . . . . . Robots Melted . | . . . . . . . . . . . . . . . . . . . . . Combat Hostiles . | . . . . . . . . . . . . . . . . . . . . . Parts Melted 3 | 2 1 . . . . . . . . . . . . . . . . . . . Heat Transferred 1226 | 631 595 . . . . . . . . . . . . . . . . . . . Parts Sabotaged . | . . . . . . . . . . . . . . . . . . . . . Parts Stolen . | . . . . . . . . . . . . . . . . . . . . . Parts Stripped . | . . . . . . . . . . . . . . . . . . . . . Power Chain Reactions 1 | . 1 . . . . . . . . . . . . . . . . . . . Alert | -11 -10 -10 -9 -9 -9 -8 -8 -8 -7 -7 -7 -6 -6 -6 -6 -6 -6 -6 -6 -6 ------- Run | Yrd Mat Min Mat Min Exi Min Mat Sto Fac Was Fac Fac Was Fac Gar Fac Ext Cet Arc Hub Maximum Alert Level 5 | . . . 2 1 . . 3 4 2 1 . 1 . . 4 2 3 2 2 5 Low Security (%) 51 | 100 100 100 35 86 . 100 61 . . 59 100 80 100 100 20 39 20 . . 10 Level 1 18 | . . . 19 13 . . 17 26 . 40 . 19 . . 4 . 63 29 90 43 Level 2 25 | . . . 45 . . . 18 32 100 . . . . . 46 60 6 70 9 30 Level 3 3 | . . . . . . . 3 24 . . . . . . 23 . 9 . . . Level 4 1 | . . . . . . . . 15 . . . . . . 4 . . . . 7 Level 5 . | . . . . . . . . . . . . . . . . . . . . 6 High Security . | . . . . . . . . . . . . . . . . . . . . . Max Security . | . . . . . . . . . . . . . . . . . . . . . Peak Influence 1834 | 10 168 83 651 253 . 73 788 1250 675 233 136 266 53 165 1143 599 899 669 421 1834 Initial 599 | . 6 3 . 253 . . . 331 567 233 101 44 . . 94 599 26 492 239 109 Average 273 | 1 64 12 321 128 . 10 215 658 609 188 95 80 16 98 536 348 318 478 342 536 Influence Increases 13746 | 30 538 220 1458 223 . 83 1527 1747 475 2 334 526 76 186 1229 194 1685 631 335 2247 Destroy 0b10 Robot/C 5720 | . 260 140 840 160 . 60 840 900 40 . . 140 . 80 440 . 860 300 80 580 Destroy 0b10 Robot/NC 870 | 30 85 20 125 10 . 10 90 85 75 . 40 80 . . 5 35 45 10 45 80 Destroy Leader 1106 | . 60 20 212 30 . 10 220 222 18 . 2 36 . 10 30 4 76 20 . 136 Allied During Kill 1910 | . . . . . . . . 187 . . . 16 . 90 189 . 555 282 125 466 Trap Triggered on 0b10 30 | . . . . . . . . . . . 10 20 . . . . . . . . Successful Hack 408 | . 16 . 46 . . . 61 21 81 . 63 39 . . 8 15 38 8 . 12 Disable Machine 1185 | . 45 . 135 15 . . 75 120 90 . 75 75 . . 45 15 45 . 75 375 Anti-Garrison Action 450 | . . . . . . . . . . . . . . . 300 . . . . 150 Destroy Structure 1242 | . 27 10 70 8 . 3 121 152 66 2 24 30 61 6 167 20 66 11 10 388 Partial Spotted 180 | . . . . . . . . . 75 . 45 15 15 . . 30 . . . . Lose Combat Pursuer 645 | . 45 30 30 . . . 120 60 30 . 75 75 . . 45 75 . . . 60 Influence Decreases 11940 | 20 539 229 807 772 102 83 742 1285 1054 525 388 617 76 51 221 1282 859 913 622 753 Entered New Map 3736 | . 4 6 . 398 102 . . 454 680 435 44 47 . . 41 544 29 389 360 203 Time Decay 5792 | 20 525 223 607 374 . 83 408 571 374 90 334 380 76 31 . 210 470 404 262 350 Lost Part 391 | . 10 . 50 . . . 70 100 . . . . . . 20 11 30 20 . 80 Lost Ally 790 | . . . . . . . . 160 . . 10 40 . 20 160 . 180 100 . 120 Purge Threat 1231 | . . . 150 . . . 264 . . . . 150 . . . 517 150 . . . Squads Dispatched 65 | . 3 . 2 1 . . 15 12 7 . 4 5 . . . 7 2 . . 7 Investigation 12 | . 1 . . 1 . . 1 . 2 . 1 2 . . . 3 . . . 1 Extermination 8 | . . . . . . . . . 1 . 2 2 . . . 2 . . . 1 Reinforcement 22 | . 2 . 1 . . . 4 5 2 . 1 1 . . . 2 1 . . 3 Assault 10 | . . . 1 . . . 2 2 2 . . . . . . . 1 . . 2 Garrison 13 | . . . . . . . 8 5 . . . . . . . . . . . . Intercept . | . . . . . . . . . . . . . . . . . . . . . Searches Triggered . | . . . . . . . . . . . . . . . . . . . . . Construction Impeded 3 | . . . . . . . . 1 . . . . . . . 1 1 . . . Haulers Reinforced 1 | . . . . . . . . . 1 . . . . . . . . . . . Active Scanning Responses . | . . . . . . . . . . . . . . . . . . . . . Cargo Convoy Interrupts 1 | . . . . . . . . . . . . 1 . . . . . . . . Stealth | -11 -10 -10 -9 -9 -9 -8 -8 -8 -7 -7 -7 -6 -6 -6 -6 -6 -6 -6 -6 -6 --------- Run | Yrd Mat Min Mat Min Exi Min Mat Sto Fac Was Fac Fac Was Fac Gar Fac Ext Cet Arc Hub Distress Signals 25 | . 3 . . 1 . . 1 5 1 . 1 . . . . 1 5 2 . 5 Communications Jammed 26 | . . . . . . . . . 12 . 2 . . . . 12 . . . . Distress Signals 26 | . . . . . . . . . 12 . 2 . . . . 12 . . . . Times Spotted 376 | . 27 7 44 8 . 1 58 53 15 . 8 13 5 4 18 14 42 12 9 38 Peak Tracking Total 13 | . 8 2 5 3 . . 7 13 5 . 5 3 3 4 4 6 6 7 1 11 Tactical Retreats 29 | . 2 1 2 . . . 8 2 2 . 4 3 . . 2 1 . . . 2 Traps | -11 -10 -10 -9 -9 -9 -8 -8 -8 -7 -7 -7 -6 -6 -6 -6 -6 -6 -6 -6 -6 ------- Run | Yrd Mat Min Mat Min Exi Min Mat Sto Fac Was Fac Fac Was Fac Gar Fac Ext Cet Arc Hub Traps Triggered 16 | . 1 . 2 . . . 1 . 3 . . 1 . . 1 5 1 . . 1 Indirectly . | . . . . . . . . . . . . . . . . . . . . . Trap Hack Attempts 88 | . . . 26 . . . 6 21 14 . 10 . . . . 11 . . . . Triggered . | . . . . . . . . . . . . . . . . . . . . . Disarmed 9 | . . . . . . . 6 . . . . . . . . 1 2 . . . Reprogrammed 18 | . . . 9 . . . 1 2 1 . 2 . . . . 3 . . . . Reused 3 | . . . . . . . . . . . 1 2 . . . . . . . . Traps Extracted 13 | . . . 5 . . . 1 2 1 . . 1 . . . 3 . . . . Installed 8 | . . . 1 . . . 4 . . . . 3 . . . . . . . . Triggered 3 | . . . . . . . . . . . 1 2 . . . . . . . . Most Traps Carried 5 | . . . 4 4 4 4 4 3 4 4 4 4 2 2 2 5 5 5 5 5 Objects Rigged 8 | . . . 7 . . . . . . . . . . . . . . . . 1 Exploded 3 | . . . 2 . . . . . . . . . . . . . . . . 1 Machines | -11 -10 -10 -9 -9 -9 -8 -8 -8 -7 -7 -7 -6 -6 -6 -6 -6 -6 -6 -6 -6 ---------- Run | Yrd Mat Min Mat Min Exi Min Mat Sto Fac Was Fac Fac Was Fac Gar Fac Ext Cet Arc Hub Machines Disabled 92 | . 3 . 10 1 . . 5 8 6 . 5 5 . . 13 1 4 . 5 26 Max in Single Turn 13 | . 1 . 2 1 . . 2 1 5 . 3 5 . . 3 1 2 . 1 13 Garrison Access 3 | . . . . . . . . . . . . . . . . 1 . . . 2 Garrison Relay 5 | . . . . . . . . . . . . . . . 5 . . . . . Network Hub 3 | . . . . . . . . . . . . . . . . . . . . 3 Energy Cycler 3 | . . . . . . . . . . . . . . . . . 3 . . . Machines Repaired . | . . . . . . . . . . . . . . . . . . . . . Machines Dismantled . | . . . . . . . . . . . . . . . . . . . . . Machines Sabotaged . | . . . . . . . . . . . . . . . . . . . . . Overloaded Fab Kills . | . . . . . . . . . . . . . . . . . . . . . Hacking | -11 -10 -10 -9 -9 -9 -8 -8 -8 -7 -7 -7 -6 -6 -6 -6 -6 -6 -6 -6 -6 --------- Run | Yrd Mat Min Mat Min Exi Min Mat Sto Fac Was Fac Fac Was Fac Gar Fac Ext Cet Arc Hub Machines Accessed 112 | . 8 1 14 1 2 . 14 7 12 . 11 10 . 3 1 11 6 3 . 8 Terminals 74 | . 6 1 10 . . . 10 5 7 . 5 5 . 2 1 6 6 3 . 7 Fabricators 7 | . . . . . . . . . 2 . 2 2 . . . 1 . . . . Repair Stations 9 | . 1 . 1 . . . 1 1 . . 1 2 . . . 2 . . . . Recycling Units 9 | . 1 . 1 . . . 1 1 2 . 1 1 . . . 1 . . . . Scanalyzers 5 | . . . 2 . . . 1 . 1 . 1 . . . . . . . . . Garrison Access 5 | . . . . . . . 1 . . . 1 . . 1 . 1 . . . 1 Total Hacks 360 | . 30 1 63 1 2 . 53 15 31 . 27 28 . 9 3 46 20 8 . 23 Successful 258 | . 18 . 45 1 2 . 36 9 22 . 23 27 . 7 1 36 14 5 . 12 Failed 102 | . 12 1 18 . . . 17 6 9 . 4 1 . 2 2 10 6 3 . 11 Catastrophic 3 | . . . . . . . 1 . 1 . 1 . . . . . . . . . Database Lockouts . | . . . . . . . . . . . . . . . . . . . . . Manual 129 | . 15 2 14 . 1 . 21 6 11 . 9 10 . 6 . 17 4 1 . 12 Terminals 248 | . 21 1 35 . . . 43 10 18 . 12 16 . 8 3 32 20 8 . 21 Fabricators 22 | . . . . . . . . . 5 . 7 6 . . . 4 . . . . Repair Stations 32 | . 6 . 11 . . . 2 3 . . 1 4 . . . 5 . . . . Recycling Units 22 | . 3 . 4 . . . 1 2 4 . 2 2 . . . 4 . . . . Scanalyzers 25 | . . . 13 . . . 4 . 4 . 4 . . . . . . . . . Garrison Access 8 | . . . . . . . 3 . . . 1 . . 1 . 1 . . . 2 Terminal Hacks 132 | . 6 . 17 1 2 . 20 6 10 . 6 12 . 5 1 18 14 5 . 9 Record 6 | . . . . . 1 . . . . . . . . 1 . . . 4 . . Part Schematic 7 | . 1 . . . . . . . . . 1 2 . 1 . . 2 . . . Robot Schematic 2 | . . . . . . . . . . . . . . . . 2 . . . . Robot Analysis 5 | . 2 . . . . . . . 1 . . . . . . 1 . . . 1 Prototype ID Bank 15 | . 2 . 4 . . . 5 1 . . . . . . . 1 1 . . 1 Open Door 5 | . . . . 1 . . . 3 . . . . . . . . . 1 . . Level Access Points 3 | . . . . . . . . . 1 . . 1 . . . . . . . 1 Branch Access Points 5 | . . . . . . . 1 . 1 . 1 1 . . . 1 . . . . Emergency Access Points 1 | . . . 1 . . . . . . . . . . . . . . . . . Machine Index 2 | . . . . . . . 1 . . . . 1 . . . . . . . . Terminal Index 7 | . . . 1 . . . 1 . 1 . . 1 . 1 . 1 . . . 1 Repair Station Index 1 | . . . 1 . . . . . . . . . . . . . . . . . Garrison Index 2 | . . . . . . . . . . . . 1 . 1 . . . . . . Alert Level 5 | . . . 2 . . . 1 . . . . . . . . 1 1 . . . Unreport Threat 9 | . . . 1 . . . 2 . . . . 1 . . . 4 1 . . . Locate Traps 20 | . 1 . 1 . . . 4 2 3 . 3 . . 1 . 1 2 . . 2 Disarm Traps 3 | . . . . . . . 2 . . . . . . . . . 1 . . . Reprogram Traps 1 | . . . 1 . . . . . . . . . . . . . . . . . Dispatch Records 1 | . . . . . . . 1 . . . . . . . . . . . . . Patrol Status 1 | . . . . . . . . . . . . . . . . . 1 . . . Reinforcement Status 1 | . . . 1 . . . . . . . . . . . . . . . . . Recall Investigation 3 | . . . . . . . . . . . . . . . . 2 1 . . . Recall Extermination 2 | . . . . . . . . . . . . 1 . . . 1 . . . . Recall Reinforcements 2 | . . . . . . . . . . . . . . . . . 2 . . . Recall Assault 1 | . . . . . . . . . 1 . . . . . . . . . . . Hauler Manifests 6 | . . . 2 . . . 1 . 1 . . 1 . . . . 1 . . . Registered Components 4 | . . . 1 . . . 1 . . . . 1 . . . 1 . . . . Registered Prototypes 2 | . . . . . . . . . 1 . . . . . . . 1 . . . Zone Layout 8 | . . . 1 . . . . . . . 1 1 . . . 2 . . . 3 Security Stations 1 | . . . . . . . . . . . . . . . 1 . . . . . Proto ID Catalog 1 | . . . . . 1 . . . . . . . . . . . . . . . Fabricator Hacks 16 | . . . . . . . . . 3 . 6 5 . . . 2 . . . . Network Status 4 | . . . . . . . . . 1 . 1 1 . . . 1 . . . . Load Schematic 8 | . . . . . . . . . 2 . 3 2 . . . 1 . . . . Build 4 | . . . . . . . . . . . 2 2 . . . . . . . . Repair Station Hacks 29 | . 6 . 11 . . . 2 1 . . . 4 . . . 5 . . . . Scan Component 16 | . 3 . 6 . . . 1 1 . . . 2 . . . 3 . . . . Repair 13 | . 3 . 5 . . . 1 . . . . 2 . . . 2 . . . . Recycling Unit Hacks 8 | . 1 . 3 . . . 1 . 1 . . 1 . . . 1 . . . . Report Inventory 1 | . . . 1 . . . . . . . . . . . . . . . . . Retrieve Components 7 | . 1 . 2 . . . 1 . 1 . . 1 . . . 1 . . . . Scanalyzer 20 | . . . 10 . . . 4 . 2 . 4 . . . . . . . . . Insert Component 10 | . . . 5 . . . 2 . 1 . 2 . . . . . . . . . Analyze 10 | . . . 5 . . . 2 . 1 . 2 . . . . . . . . . Garrison Access Hacks 4 | . . . . . . . . . . . 1 . . 1 . 1 . . . 1 Unlock Access 2 | . . . . . . . . . . . 1 . . 1 . . . . . . Seal Access 2 | . . . . . . . . . . . . . . . . 1 . . . 1 Unauthorized Hacks 49 | . 5 . 4 . . . 9 2 6 . 6 5 . 1 . 9 . . . 2 Terminals 34 | . 4 . 3 . . . 9 1 2 . 3 3 . 1 . 6 . . . 2 Track 1 | . . . . . . . . . . . . . . . . 1 . . . . Assimilate 11 | . 1 . . . . . 6 . 1 . 1 1 . . . 1 . . . . Botnet 16 | . 2 . 2 . . . 3 1 1 . 2 2 . 1 . 2 . . . . Detonate 3 | . . . 1 . . . . . . . . . . . . . . . . 2 Disrupt 1 | . . . . . . . . . . . . . . . . 1 . . . . Operators 2 | . 1 . . . . . . . . . . . . . . 1 . . . . Fabricators 5 | . . . . . . . . . 2 . 1 1 . . . 1 . . . . Recompile 5 | . . . . . . . . . 2 . 1 1 . . . 1 . . . . Repair Stations . | . . . . . . . . . . . . . . . . . . . . . Recycling Units 10 | . 1 . 1 . . . . 1 2 . 2 1 . . . 2 . . . . Reject 4 | . . . 1 . . . . . 1 . 1 . . . . 1 . . . . Recyclers 6 | . 1 . . . . . . 1 1 . 1 1 . . . 1 . . . . Scanalyzers . | . . . . . . . . . . . . . . . . . . . . . Garrison Access . | . . . . . . . . . . . . . . . . . . . . . Data Cores Recovered 1 | . . . . . . . . . . . . . . . . . . . . 1 Used . | . . . . . . . . . . . . . . . . . . . . . Hacking Detections 96 | . 8 1 13 . . . 13 5 10 . 10 9 . 2 1 9 6 2 . 7 Full Trace Events 3 | . . . . . . . . . . . . 1 . . 1 1 . . . . Feedback Events . | . . . . . . . . . . . . . . . . . . . . . Feedback Blocked . | . . . . . . . . . . . . . . . . . . . . . Robot Schematics Acquired 2 | . . . . . . . . . . . . . . . . 2 . . . . Robots Built . | . . . . . . . . . . . . . . . . . . . . . Authchips . | . . . . . . . . . . . . . . . . . . . . . Time . | . . . . . . . . . . . . . . . . . . . . . Total Robot Build Rating . | . . . . . . . . . . . . . . . . . . . . . Part Schematics Acquired 16 | . 1 . 4 . . . 2 . 1 . 3 2 . 1 . . 2 . . . Parts Built 4 | . . . . . . . . . . . 2 2 . . . . . . . . Authchips 2 | . . . . . . . . . . . 2 . . . . . . . . . Time 313 | . . . . . . . . . . . 134 179 . . . . . . . . Total Part Build Rating 19 | . . . . . . . . . . . 8 11 . . . . . . . . Parts Repaired 13 | . 3 . 5 . . . 1 . . . . 2 . . . 2 . . . . Time 473 | . 84 . 167 . . . 38 . . . . 114 . . . 70 . . . . Parts Recycled . | . . . . . . . . . . . . . . . . . . . . . Recycled Matter . | . . . . . . . . . . . . . . . . . . . . . Retrieved Matter . | . . . . . . . . . . . . . . . . . . . . . Retrieved Components 19 | . . . 10 . . . 9 . . . . . . . . . . . . . Parts Scanalyzed 9 | . . . 4 . . . 2 . 1 . 2 . . . . . . . . . Part Schematics Acquired 9 | . . . 4 . . . 2 . 1 . 2 . . . . . . . . . Parts Damaged 1 | . . . . . . . 1 . . . . . . . . . . . . . Bothacking | -11 -10 -10 -9 -9 -9 -8 -8 -8 -7 -7 -7 -6 -6 -6 -6 -6 -6 -6 -6 -6 ------------ Run | Yrd Mat Min Mat Min Exi Min Mat Sto Fac Was Fac Fac Was Fac Gar Fac Ext Cet Arc Hub Used RIF Installer . | . . . . . . . . . . . . . . . . . . . . . Robots Hacked 2 | . . . 1 . . . . . . . . 1 . . . . . . . . Non-combat 2 | . . . 1 . . . . . . . . 1 . . . . . . . . Combat . | . . . . . . . . . . . . . . . . . . . . . Robot Hacks Applied 2 | . . . 1 . . . . . . . . 1 . . . . . . . . parse_system 1 | . . . 1 . . . . . . . . . . . . . . . . . find_chute 1 | . . . . . . . . . . . . 1 . . . . . . . . Relay Couplers Released 25 | . . . . . . . . . . . . . . . 21 . . . . 4 Machine Destruction 25 | . . . . . . . . . . . . . . . 21 . . . . 4 Fabnet Peak Effective % . | . . . . . . . . . . . . . . . . . . . . . Robots Rewired 24 | . . . . . . . . . . . . 3 . . 1 . 20 . . . Allies Hacked 3 | . . . . . . . . . . . . . . . 3 . . . . . Hacks Repelled . | . . . . . . . . . . . . . . . . . . . . . Allies | -11 -10 -10 -9 -9 -9 -8 -8 -8 -7 -7 -7 -6 -6 -6 -6 -6 -6 -6 -6 -6 -------- Run | Yrd Mat Min Mat Min Exi Min Mat Sto Fac Was Fac Fac Was Fac Gar Fac Ext Cet Arc Hub Total Allies 67 | . 1 . . . . . 2 12 . . 1 4 18 . 1 . 23 5 . . Largest Group 18 | . 1 . . . . . 2 10 . . 1 3 18 16 12 . 13 14 12 11 Highest-Rated Group 858 | . 10 . . . . . 20 203 . . 26 84 656 556 511 . 535 858 795 643 Highest-Rated Ally 159 | . 10 . . . . . 10 31 . . 26 40 50 46 80 . 159 159 152 96 Initial Warlord ECA Mod 35 | . . . . . . . . . . . . . . . . 7 7 7 7 7 Total Orders 21 | . . . . . . . 7 2 . . . . . . . . . 11 . 1 STAY 15 | . . . . . . . 4 1 . . . . . . . . . 9 . 1 FOLLOW 6 | . . . . . . . 3 1 . . . . . . . . . 2 . . Ally Attacks 565 | . . . . . . . . 104 . . . 33 . 51 68 . 151 64 9 85 Total Damage 12278 | . . . . . . . . 1204 . . . 534 . 837 1896 . 3109 1594 452 2652 Kills 88 | . . . . . . . . 10 . . . 5 . 5 7 . 25 14 5 17 Allies Corrupted 4 | . . . . . . . . . . . . . . . 1 . 1 . . 2 Allies Melted . | . . . . . . . . . . . . . . . . . . . . . Intel | -11 -10 -10 -9 -9 -9 -8 -8 -8 -7 -7 -7 -6 -6 -6 -6 -6 -6 -6 -6 -6 ------- Run | Yrd Mat Min Mat Min Exi Min Mat Sto Fac Was Fac Fac Was Fac Gar Fac Ext Cet Arc Hub Active Infowar (turns) 9685 | 19 1846 1727 3986 537 . . . . 424 4 106 638 272 94 2 30 . . . . Seismic 8467 | 19 1846 1727 3986 537 . . . . . . . 29 227 94 2 . . . . . T.N.C. 843 | . . . . . . . . . . . . 581 262 . . . . . . . Jamming 705 | . . . . . . . . . 424 4 106 140 1 . . 30 . . . . Robot Analysis Total 5 | . 2 . . . . . . . 1 . . . . . . 1 . . . 1 Derelict Logs Recovered 3 | . . 1 . 2 . . . . . . . . . . . . . . . . Drone Launches . | . . . . . . . . . . . . . . . . . . . . . Drone Recoveries . | . . . . . . . . . . . . . . . . . . . . . Exploration | -11 -10 -10 -9 -9 -9 -8 -8 -8 -7 -7 -7 -6 -6 -6 -6 -6 -6 -6 -6 -6 ------------- Run | Yrd Mat Min Mat Min Exi Min Mat Sto Fac Was Fac Fac Was Fac Gar Fac Ext Cet Arc Hub Turns Passed 24037 | 110 2203 1742 4889 870 949 555 3323 1736 864 196 745 1009 272 94 388 585 1188 960 577 782 Spaces Moved 15352 | 52 979 522 1513 325 375 211 963 727 1624 444 1531 1661 473 155 599 1218 942 485 148 405 Core 13 | 6 . . . . . . . . . . . . . . . . . . . 7 Treads 5802 | . 798 522 1513 325 375 211 963 332 . . . . . . . . . 229 148 386 Legs 809 | 46 181 . . . . . . 194 . . . . . . . . 132 256 . . Wheels . | . . . . . . . . . . . . . . . . . . . . . Hover 8716 | . . . . . . . . 201 1624 444 1531 1661 473 155 599 1218 810 . . . Flight 12 | . . . . . . . . . . . . . . . . . . . . 12 Fastest Speed 15 | 50 120 320 240 250 250 250 225 38 16 34 15 15 34 34 15 16 26 112 160 35 Average Speed 116 | 111 182 320 245 250 250 250 242 159 33 34 36 34 34 34 34 34 73 137 160 154 Slowest Speed 480 | 120 320 320 480 250 250 250 330 290 94 34 94 290 34 34 94 98 190 186 160 160 Overloaded Moves 187 | . . . . . . . . . 26 . 5 17 . . 15 120 4 . . . Propulsion Burnouts . | . . . . . . . . . . . . . . . . . . . . . Robots Hopped . | . . . . . . . . . . . . . . . . . . . . . Potential Cave-ins . | . . . . . . . . . . . . . . . . . . . . . Cave-ins Triggered . | . . . . . . . . . . . . . . . . . . . . . Exploration Rate (%) 65 | 4 96 98 97 85 69 54 62 86 50 95 37 28 96 5 61 34 84 85 81 60 Regions Visited 20 Branch Regions 9 Pre-discovered Areas 3 | . . 1 . 1 1 . . . . . . . . . . . . . . . Known Exits Taken 4 | . . . . . . . 1 . . . 1 . . 1 . 1 . . . . Unknown Exits Taken 11 | 1 1 1 1 1 1 1 . 1 . . . . . . . . 1 1 1 . Scrap Searched 4 | . . 1 . 2 . 1 . . . . . . . . . . . . . . Spaces Dug 173 | . 2 4 13 . . . 28 37 20 2 16 16 . 1 5 19 . 3 . 7 Terrain Destroyed 1608 | . 23 10 67 8 . 3 142 191 65 4 24 24 191 5 208 21 72 8 11 531 Melee 82 | . . . . . . . . . 20 . 15 16 . 1 5 18 . . . 7 Projectile 194 | . 8 . 17 8 . 3 54 33 . 4 3 . . 4 . 3 15 8 11 23 AOE 1332 | . 15 10 50 . . . 88 158 45 . 6 8 191 . 203 . 57 . . 501 Terrain Rammed . | . . . . . . . . . . . . . . . . . . . . . Walls Destroyed . | . . . . . . . . . . . . . . . . . . . . . Machines Disabled . | . . . . . . . . . . . . . . . . . . . . . Actions | -11 -10 -10 -9 -9 -9 -8 -8 -8 -7 -7 -7 -6 -6 -6 -6 -6 -6 -6 -6 -6 --------- Run | Yrd Mat Min Mat Min Exi Min Mat Sto Fac Was Fac Fac Was Fac Gar Fac Ext Cet Arc Hub Total 19977 | 76 1243 557 2478 353 390 229 1686 1113 1841 474 1662 2020 549 188 721 1329 1375 764 449 480 Wait 2864 | . 136 10 724 3 . 7 497 168 83 3 53 234 52 25 56 31 248 250 270 14 Move 15335 | 51 978 521 1512 324 374 210 963 726 1624 443 1530 1661 472 154 598 1217 941 484 147 405 Hop . | . . . . . . . . . . . . . . . . . . . . . Pick Up 150 | 6 21 3 24 3 1 2 21 12 12 2 7 14 . . . 2 11 5 1 3 Fast Attach 81 | 7 3 . 9 . 4 . 8 8 4 3 3 3 1 . 2 7 7 3 6 3 Attach 89 | . 2 . 12 . . . 12 16 5 1 6 6 1 . 4 6 12 2 1 3 Detach 22 | . . . . . . . 1 3 4 1 1 . . 1 3 5 3 . . . Swap 187 | . 20 3 44 5 1 3 16 21 14 5 7 23 3 1 4 2 1 4 . 10 Drop 170 | . 9 1 29 4 10 2 18 22 13 7 9 7 2 . 4 4 14 8 6 1 Fire 641 | 12 73 14 95 14 . 5 139 114 13 2 5 3 14 6 26 2 45 8 18 33 Melee 219 | . . . 2 . . . . . 55 7 31 45 4 1 19 37 10 . . 8 Ram . | . . . . . . . . . . . . . . . . . . . . . Kick 2 | . . . . . . . . 2 . . . . . . . . . . . . Crush 7 | . 1 5 . . . . 1 . . . . . . . . . . . . . Escape Stasis 23 | . . . . . . . . . . . . . . . 5 5 13 . . . Rewire 91 | . . . . . . . . . . . . 21 . . . . 70 . . . Trap 96 | . . . 27 . . . 10 21 14 . 10 3 . . . 11 . . . . Miscellaneous . | . . . . . . . . . . . . . . . . . . . . . Route ------- -11/Scrapyard -10/Materials (discovered 5 exits: *Mat x3 / *Min x2) -10/Mines (discovered 2 exits: *Mat x2) -9/Materials (discovered 4 exits: *Mat x3 / *Min) -9/Mines (discovered 3 exits: *Mat x2 / *Exi) -9/Exiles -8/Mines -8/Materials (discovered 3 exits: *Fac x2 / *Sto) -8/Storage -7/Factory (discovered 6 exits: *Fac x4 / *Low x2) -7/Waste -7/Factory (discovered 5 exits: *Fac x2 / Low x2 / Gar) -6/Factory (discovered 8 exits: Fac x4 / Low x2 / Ext x2) -6/Waste -6/Factory -6/Garrison (discovered 2 exits: *Fac x2) -6/Factory (discovered 5 exits: *Fac / *Low x2 / *Ext x2) -6/Extension (discovered 3 exits: *Fac x2 / *Cet) -6/Cetus (discovered 2 exits: *Fac / [*Arc]) -6/Archives (discovered 3 exits: *Fac / *Hub x2) -6/Hub_04(d) (discovered 4 exits: *Fac x4) History --------- Turn | Location | Event 3 | -11/Scrapyard | Discovered new exit (range 16) 111 | -11/Scrapyard | Entered Materials 225 | -10/Materials | Discovered new exit (range 7) 303 | -10/Materials | Build established: Mutant 387 | -10/Materials | Discovered new exit (range 15) 841 | -10/Materials | Discovered new exit (range 6) 953 | -10/Materials | Discovered new exit (range 13) 1389 | -10/Materials | Discovered new exit (range 9) 1468 | -10/Materials | Repaired Imp. Light Cannon 1495 | -10/Materials | Repaired Lgt. Armor Plating 1522 | -10/Materials | Repaired Lgt. Treads 2314 | -10/Materials | Entered Mines 2403 | -10/Mines | Learned Materials emergency access door positions 3684 | -10/Mines | Discovered new exit (range 5) 3812 | -10/Mines | Learned location of Storage (-8) 3904 | -10/Mines | Found a damaged Exp. Sensor Array with a note attached 3914 | -10/Mines | Found Prototype Device 4004 | -10/Mines | Discovered new exit (range 8) 4056 | -10/Mines | Entered Materials 4056 | -9/Materials | Evolved 2 slots: Propulsion x1, Weapon x1 4357 | -9/Materials | Build established: Gunner 4375 | -9/Materials | Identified Exp. Sensor Array 5266 | -9/Materials | Discovered new exit (range 7) 5871 | -9/Materials | Discovered new exit (range 10) 6116 | -9/Materials | Discovered new exit (range 5) 6588 | -9/Materials | Discovered new exit (range 9) 7115 | -9/Materials | Build established: Scavenger-Gunner 7489 | -9/Materials | Repaired Lgt. Treads 7542 | -9/Materials | Repaired Hvy. Ion Engine 7569 | -9/Materials | Repaired Lgt. Treads 7603 | -9/Materials | Repaired Imp. Light Cannon 7636 | -9/Materials | Repaired Imp. Light Cannon 7942 | -9/Materials | Build established: Gunner 8056 | -9/Materials | First assault squad dispatched 8184 | -9/Materials | Core integrity fell below 50% 8216 | -9/Materials | Lost 4 parts (1n1u2w) 8945 | -9/Materials | Entered Mines 9035 | -9/Mines | Discovered new exit (range 15) 9087 | -9/Mines | Received a Rocket Launcher from a helpful Derelict 9221 | -9/Mines | A weapon hastily lodged in a ceiling crevice suddenly fell to the ground 9451 | -9/Mines | Met a Derelict shopkeep closing up shop 9550 | -9/Mines | Learned Materials stockpile data 9622 | -9/Mines | Discovered new exit (range 5) 9805 | -9/Mines | Deemed a non-threat by the Exiles lab entrance 9805 | -9/Mines | Discovered new exit (range 5) 9815 | -9/Mines | Entered Exiles 9875 | -9/Exiles | Met 8R-AWN 9918 | -9/Exiles | Met EX-HEX 9994 | -9/Exiles | Met EX-BIN 10022 | -9/Exiles | Aligned with FarCom system 10024 | -9/Exiles | Given EX-Vault access code 10097 | -9/Exiles | Met EX-DEC 10102 | -9/Exiles | Learned location of Zion (-6) 10225 | -9/Exiles | Build established: Mutant 10485 | -9/Exiles | Opened EX-Vault 10506 | -9/Exiles | Found Army-in-a-Box 10554 | -9/Exiles | Warned to stay clear of 0b10 Research branches 10731 | -9/Exiles | Discovered new exit (range 14) 10764 | -9/Exiles | Left Exiles lab with Army-in-a-Box 10764 | -9/Exiles | Entered Mines 11051 | -8/Mines | Build established: Skirmisher 11147 | -8/Mines | Discovered new exit (range 5) 11319 | -8/Mines | Entered Materials 11319 | -8/Materials | Evolved 2 slots: Propulsion x1, Utility x1 11617 | -8/Materials | Identified exit to Storage 12244 | -8/Materials | Discovered new exit (range 9) 13447 | -8/Materials | Garrison activated, responded to threat 13546 | -8/Materials | Repaired Arm. Treads 13636 | -8/Materials | Lost 6 parts (3n1u2w) 13638 | -8/Materials | Destroyed 7 combat bots 13896 | -8/Materials | Build established: Mutant 13920 | -8/Materials | Garrison activated, responded to threat 13998 | -8/Materials | Discovered new exit (range 5) 14119 | -8/Materials | First assault squad dispatched 14352 | -8/Materials | Garrison activated, responded to threat 14637 | -8/Materials | Garrison activated, responded to threat 14642 | -8/Materials | Entered Storage 14823 | -8/Storage | Build established: Skirmisher 14888 | -8/Storage | Assisted by bots powering up and referring to "LRC-V3" 15180 | -8/Storage | Build established: Commander-Skirmisher 15264 | -8/Storage | Found Prototype Launcher 15264 | -8/Storage | Identified Gui. Missile Launcher 15526 | -8/Storage | Met a pair of Derelict thieves 15610 | -8/Storage | Garrison activated, responded to threat 15630 | -8/Storage | Core integrity fell below 50% 15648 | -8/Storage | Lost 9 allies 15691 | -8/Storage | Lost 5 parts (3n1u1w) 15693 | -8/Storage | Destroyed 14 combat bots 15744 | -8/Storage | Garrison activated, responded to threat 15844 | -8/Storage | Garrison activated, responded to threat 16099 | -8/Storage | Core integrity fell below 20% 16117 | -8/Storage | Lost 4 parts (1n3w) 16144 | -8/Storage | Destroyed 8 combat bots 16349 | -8/Storage | Discovered new exit (range 15) 16378 | -8/Storage | Entered Factory 16378 | -7/Factory | Evolved 2 slots: Propulsion x1, Utility x1 16441 | -7/Factory | Identified exit to Factory 16524 | -7/Factory | Discovered new exit (range 4) 16538 | -7/Factory | Build established: Hacker-Mutant 16667 | -7/Factory | Identified exit to Lower Caves 16778 | -7/Factory | First assault squad dispatched 16879 | -7/Factory | Found Prototype Launcher 16879 | -7/Factory | Identified Rocket Array 17242 | -7/Factory | Manually triggered Chute Trap 17242 | -7/Factory | Sucked down chute 17242 | -7/Factory | Entered Waste 17242 | -7/Waste | The area was eerily silent 17276 | -7/Waste | Discovered new exit (range 12) 17438 | -7/Waste | Entered Factory 17537 | -7/Factory | Identified exit to Garrison 17547 | -7/Factory | Discovered exit to Factory (range 4) 17876 | -7/Factory | Discovered exit to Factory (range 7) 18001 | -7/Factory | Fabricated Cld. Airjet (x1) 18073 | -7/Factory | Fabricated Cld. Airjet? 18183 | -7/Factory | Entered another Factory area 18183 | -6/Factory | Evolved 2 slots: Utility x2 18284 | -6/Factory | Fabricated Imp. Hacking Suite? 18371 | -6/Factory | Fabricated Tri-rail Accelerator (x1) 18462 | -6/Factory | Repaired Tri-rail Accelerator 18569 | -6/Factory | Identified exit to Lower Caves 18569 | -6/Factory | Identified exit to Extension 18599 | -6/Factory | Repaired Cld. Airjet? 18637 | -6/Factory | Identified exit to Factory 18864 | -6/Factory | Cargo convoy interrupted 18928 | -6/Factory | Found Prototype Launcher 19108 | -6/Factory | Found PL-3XN's Ring of Power 19192 | -6/Factory | Sucked down chute 19192 | -6/Factory | Entered Waste 19200 | -6/Waste | Spotted C-40 Crusher 19213 | -6/Waste | Destroyed C-40 Crusher 19217 | -6/Waste | Spotted C-40 Crusher 19217 | -6/Waste | Destroyed C-40 Crusher 19217 | -6/Waste | Spotted C-40 Crusher 19221 | -6/Waste | Spotted C-40 Crusher 19222 | -6/Waste | Spotted C-40 Crusher 19223 | -6/Waste | Destroyed C-40 Crusher 19223 | -6/Waste | Destroyed C-40 Crusher 19229 | -6/Waste | Destroyed C-40 Crusher 19237 | -6/Waste | Spotted C-40 Crusher 19253 | -6/Waste | Identified Hellfire Missile Launcher 19257 | -6/Waste | Destroyed C-40 Crusher 19286 | -6/Waste | Warlord forces began an assault 19340 | -6/Waste | Discovered new exit (range 15) 19464 | -6/Waste | Entered Factory 19464 | -6/Factory | Accompanied by 16 allies 19529 | -6/Factory | Lost 4 allies 19532 | -6/Factory | Identified exit to Garrison 19558 | -6/Factory | Entered Garrison 19558 | -6/Garrison | Accompanied by 12 allies 19565 | -6/Garrison | Spotted B-86 Titan 19572 | -6/Garrison | Rewired B-75 Beast 19588 | -6/Garrison | Allies destroyed B-86 Titan 19624 | -6/Garrison | Triggered checkpoint 19630 | -6/Garrison | Garrison Relay disabled 19645 | -6/Garrison | Learned Factory security intel 19652 | -6/Garrison | Triggered checkpoint 19712 | -6/Garrison | Spotted B-75 Beast 19775 | -6/Garrison | Destroyed Beast 5a 19777 | -6/Garrison | Destroyed B-75 Beast 19806 | -6/Garrison | Lost 6 allies 19860 | -6/Garrison | Discovered new exit (range 12) 19874 | -6/Garrison | Garrison Relay disabled 19884 | -6/Garrison | Triggered checkpoint 19905 | -6/Garrison | Garrison Relay disabled 19923 | -6/Garrison | Triggered checkpoint 19942 | -6/Garrison | Discovered new exit (range 14) 19946 | -6/Garrison | Entered Factory 20087 | -6/Factory | Repaired Cld. Airjet 20141 | -6/Factory | Repaired Cld. Airjet 20234 | -6/Factory | Discovered exit to Factory (range 9) 20531 | -6/Factory | Entered Extension 20766 | -6/Extension | Energy Cycler disabled 20768 | -6/Extension | Rescued a captive Derelict 20768 | -6/Extension | Rescued a captive Derelict 20770 | -6/Extension | Rescued a captive Derelict 20772 | -6/Extension | Rescued A7 20772 | -6/Extension | Rescued a captive Derelict 20773 | -6/Extension | Rescued a captive Derelict 20778 | -6/Extension | Rescued a captive Derelict 20797 | -6/Extension | Lost 3 allies 21209 | -6/Extension | Spotted B-75 Beast 21222 | -6/Extension | Allies destroyed B-75 Beast 21249 | -6/Extension | Spotted B-75 Beast 21251 | -6/Extension | Allies destroyed B-75 Beast 21251 | -6/Extension | Discovered exit to Factory (range 15) 21328 | -6/Extension | Build established: Hacker-Skirmisher 21356 | -6/Extension | Disrupted transfer network 21581 | -6/Extension | First assault squad dispatched 21681 | -6/Extension | Discovered exit to Factory (range 10) 21682 | -6/Extension | Discovered new exit (range 6) 21719 | -6/Extension | Entered Cetus 21719 | -6/Cetus | Accompanied by 12 allies (A7) 21724 | -6/Cetus | Acquired a Cetus Manufacturing Module code from A7 21775 | -6/Cetus | Spotted Cetus Guard 21777 | -6/Cetus | Destroyed Cetus Guard 21804 | -6/Cetus | Lost 3 allies 21837 | -6/Cetus | Started Cetus Manufacturing Module 21845 | -6/Cetus | Escorted A7 to Cetus Mainframe 21862 | -6/Cetus | Manufactured an Enhanced Grunt 21887 | -6/Cetus | Manufactured an Enhanced Grunt 21912 | -6/Cetus | Manufactured an Enhanced Grunt 21937 | -6/Cetus | Manufactured an Enhanced Grunt 21962 | -6/Cetus | Manufactured an Enhanced Grunt 22154 | -6/Cetus | Build established: Commander-Skirmisher 22163 | -6/Cetus | Discovered new exit (range 15) 22250 | -6/Cetus | Spotted Cetus Guard 22250 | -6/Cetus | Spotted Cetus Guard 22250 | -6/Cetus | Spotted Cetus Guard 22251 | -6/Cetus | Destroyed Cetus Guard 22257 | -6/Cetus | Spotted Cetus Guard 22259 | -6/Cetus | Allies destroyed Cetus Guard 22264 | -6/Cetus | Destroyed Cetus Guard 22269 | -6/Cetus | Allies destroyed Cetus Guard 22279 | -6/Cetus | Discovered exit to Factory (range 16) 22290 | -6/Cetus | Met Revision 17 22469 | -6/Cetus | Security sweep announced 22609 | -6/Cetus | Build established: Commander-Tank 22679 | -6/Cetus | Entered Archives 22679 | -6/Archives | Accompanied by 12 allies (A7) 22684 | -6/Archives | Received a hacking code to weaken MAIN.C 22740 | -6/Archives | Discovered exit to Factory (range 16) 23042 | -6/Archives | Discovered new exit (range 16) 23101 | -6/Archives | Discovered new exit (range 13) 23256 | -6/Archives | Entered Hub_04(d) 23256 | -6/Hub_04(d) | Accompanied by 11 allies 23434 | -6/Hub_04(d) | Lost 3 allies 23924 | -6/Hub_04(d) | Network Hub disabled 23924 | -6/Hub_04(d) | Network Hub disabled 23953 | -6/Hub_04(d) | Spotted Lightning 23954 | -6/Hub_04(d) | Destroyed Lightning 23957 | -6/Hub_04(d) | Lost 4 allies 23959 | -6/Hub_04(d) | Spotted Lightning 23963 | -6/Hub_04(d) | Spotted Lightning 23965 | -6/Hub_04(d) | Destroyed Lightning 23970 | -6/Hub_04(d) | Destroyed Lightning 23984 | -6/Hub_04(d) | Network Hub disabled 24009 | -6/Hub_04(d) | Destroyed 8 combat bots 24019 | -6/Hub_04(d) | Spotted Lightning 24023 | -6/Hub_04(d) | Released all parts (8) 24023 | -6/Hub_04(d) | Spotted Lightning 24024 | -6/Hub_04(d) | Core integrity fell below 50% 24024 | -6/Hub_04(d) | Spotted Lightning 24026 | -6/Hub_04(d) | System corruption reached 10% 24032 | -6/Hub_04(d) | Core integrity fell below 20% 24038 | -6/Hub_04(d) | Destroyed by Lightning with EMDS Last Messages --------------- 24026_ Acquired Hellfire Missile Launcher. 24026_ Penetrated by EMDS Slug. 24026_ EMDS Slug penetrates Wall. 24028_ System corrupted: Component data lost. 24028_ C-30 ARC bursts open, deploying its payload. 24028_ G-67 Veteran unfolds itself. 24028_ B-48 Gladiator unfolds itself. 24028_ E-15 Imp unfolds itself. 24028_ Acquired PL-3XN's Ring of Power. 24030_ Acquired Kinetic Spear. 24030_ Penetrated by EMDS Slug. 24031_ Adv. Datajack destroyed. 24031_ E-15 Imp destroyed. 24032_ Penetrated by EMDS Slug. 24032_ Acquired Cesium-ion Thruster. 24033_ The unstable cave ceiling collapses. 24035_ Critical hit (Burn: +37). 24037_ The unstable cave ceiling collapses. 24038_ Penetrated by EMDS Slug. Map ----- +----------------------------------------------------+ | | | | | | | | | | | | | | | | | | | | | | | | | | | | | ?????????????????###########?????????????????????? | | ???????????????? ? ????????#######??????? | | ???????????????? ######## ?????? | | ???????????????? # " ?????? | | ???????????????"" " """" # ;;""""""""????? | | ???????????????"" "" / ! ;" ????? | | ???????????????"" ! "" ???? | | ???????????????"" ! ="" ??? | | ????????????????? ! ;; "?? | | ??????????;;;;;;#;###; ## ## ## ; " ? | | ?????????? * ; | | ?????????? !%[ @[ % b%b " | | ?????????? ##;; # ## %;;; " | | ??????????????? " # ! "g " | | #???????????? " # = ! " " | | ?????????????? ]"";;;;; #[ ;] " | | ?????????????? ; [= #;;; " """""" # | | ????????????? ; [[= b " | | ###?????????? %! % [ " # | | #????????? ! *+ / ## ##??? | | #????????? ; / ! % =]!=]#??????? | | #????????? *;% %* =%!= ! %!! #??????? | | #??????????#; ;=%!= ! *!![[#??????? | | #??????????#" ; A g ! #??????? | | #??????????#" "; ! g = ]= #??????? | | #???????????" "" % % #??????? | | ####### #??????" """ % ""####??????? | | #??????#"#"" # ###?????????? | | #??????# # #???????????? | | """ """ # ## #???????????? | | % # """ ## # #???????????? | | """ """ # ## ! # # #???????????? | | # """ ## # #???????????? | | """ """ # ########" ##????????????? | | #/#+###########" " #""""#??????????????? | | """ """ / "##? # ???????????????? | +----------------------------------------------------+ Best States ------------- Heat Dissipation 45 Coolant Potential 65 Energy Generation 25 Energy Capacity 350 Matter Stores 600 Matter Capacity 600 Sight Range 16 Terrain Scan Density 10 Jamming Range 14 Armor Coverage 450 Resistance: KI 30 Evasion (%) 60 Targeting Accuracy 8 Recoil Reduction 5 Offensive Hacking 46 Defensive Hacking 10 Authchip Count 3 Trap Extractor Capacity 6 Item Schematics ----------------- Hcp. Storage Unit | -10/Materials | Hacked Arm. Treads | -9/Materials | Scanalyzed Lgt. Armor Plating | -9/Materials | Scanalyzed Autogun | -9/Materials | Scanalyzed Hacking Suite | -9/Materials | Scanalyzed Adv. Treads | -8/Materials | Scanalyzed Hvy. Assault Cannon | -8/Materials | Scanalyzed Aerolev Unit | -7/Factory | Scanalyzed Tri-rail Accelerator | -7/Factory | Scanalyzed Rocket Array | -7/Factory | Scanalyzed Cld. Airjet | -7/Factory | Hacked Adv. Cooling System | -6/Factory | Hacked Smartbomb Launcher | -6/Factory | Hacked IFF Parser | -6/Factory | Hacked Hyp. Mass Driver | -6/Extension | Hacked Nuclear Pulse Array | -6/Extension | Hacked Robot Schematics ------------------ H-66 Slayer | -6/Factory | Hacked O-24 Administrator | -6/Factory | Hacked Fabricated ------------ Cld. Airjet | x1 | -7/Factory | Authchip Cld. Airjet | x1 | -7/Factory | Authchip Imp. Hacking Suite | x1 | -6/Factory | Preloaded Tri-rail Accelerator | x1 | -6/Factory Repaired ---------- Imp. Light Cannon | 20% | -10/Materials Lgt. Armor Plating | 45% | -10/Materials Lgt. Treads | 62% | -10/Materials Lgt. Treads | 62% | -9/Materials Hvy. Ion Engine | 70% | -9/Materials Lgt. Treads | 70% | -9/Materials Imp. Light Cannon | 20% | -9/Materials Imp. Light Cannon | 43% | -9/Materials Arm. Treads | 6% | -8/Materials Tri-rail Accelerator | 8% | -6/Factory Cld. Airjet | 61% | -6/Factory Cld. Airjet | 18% | -6/Factory Cld. Airjet | 25% | -6/Factory Alien Tech Used ----------------- None Achievements -------------- Maximum Efficiency Wheee! Challenges ------------ None Game ------ Seed TacticalLobotomyCompressor Manual? 0 Play Time 04:18:09 Cumulative 304.5 hours Start 2025.09.08 @ 09:26:30 End 2025.09.08 @ 17:13:42 Sessions 7 Manual Loads 0 Difficulty Rogue Special Mode None Game No. 211 Rogue 211 Adventurer 0 Explorer 0 Win Type - Total 3 Types 3/0/0/0/0/0/0/0/0/0 Lore% 75 Gallery% 75 Achievement% 62 Wizard Run 0 Options --------- Layout 1 ASCII 0 Keyboard 0 Movement Mouse Keybinds 0 Fullscreen 1 Font 32/SmallcapsGlow Map View 50x35 Zoom Use 0% Tactical HUD 1 Map Filters NONE Filters NONE Steam 1 RUN: 2373d7c3-dab7-441d-9f81-6d5915ec75fa